 Dungeon Crawl Stone Soup version 0.25-a0-426-g7d9e569eea (webtiles) character file.

Game seed: 18027152677891130240, levelgen mode: deterministic

51 kae the Changer (level 3, -2/28 HPs)
             Began as a Draconian Transmuter on Jan 24, 2020.
             Slain by an adder (5 damage)
             ... on level 2 of the Dungeon.
             The game lasted 00:01:40 (1329 turns).

kae the Changer (Draconian Transmuter)              Turns: 1329, Time: 00:01:41

Health: -2/28      AC:  6    Str: 12    XL:     3   Next: 57%
Magic:  5/6        EV: 12    Int: 13    God:
Gold:   30         SH:  0    Dex: 12    Spells: 5/6 levels left

rFire    . . .     SeeInvis .   d - +0 short sword
rCold    . . .     Gourm    .   (no shield)
rNeg     . . .     Faith    .   (armour unavailable)
rPois    .         Spirit   .   (helmet restricted)
rElec    .         Reflect  .   (no cloak)
rCorr    .         Harm     .   j - +0 pair of gloves
MR       .....                  (no boots)
Stlth    +.........             (no amulet)
HPRegen  0.09/turn              (no ring)
MPRegen  0.10/turn              (no ring)

@: lethally poisoned (-2 -> -5), appendage
A: unfitting armour, horns 2, cold-blooded, AC +5
a: End Transformation


You were on level 2 of the Dungeon.
You were not hungry.
You had grown temporary horns.
You visited 1 branch of the dungeon, and saw 2 of its levels.

You collected 30 gold pieces.

Inventory:

Hand Weapons
 d - a +0 short sword (weapon)
Missiles
 a - 12 arrows
Armour
 j - a +0 pair of gloves (worn)
Scrolls
 b - a scroll of remove curse
 h - a scroll of identify
Potions
 e - a potion of flight
Comestibles
 c - 2 rations


   Skills:
 - Level 1.1 Fighting
 - Level 1.7 Dodging
 - Level 3.0 Unarmed Combat
 - Level 2.0 Spellcasting
 + Level 4.0 Transmutations


You had 5 spell levels left.
You knew the following spells:

 Your Spells              Type           Power        Failure   Level  Hunger
a - Beastly Appendage     Tmut           ##....       4%          1    ##.....

Your spell library contained the following spells:

 Spells                   Type           Power        Failure   Level  Hunger
 Sticks to Snakes         Tmut           ##......     8%          2    ###....
 Spider Form              Tmut/Pois      #.........   32%         3    ####...
 Ice Form                 Ice/Tmut       #.......     73%         4    #####..
 Blade Hands              Tmut           ##........   80%         5    ######.


Dungeon Overview and Level Annotations

Branches:
Dungeon (2/15)

Altars:
Elyvilon


Innate Abilities, Weirdness & Mutations

Your plain brown scales are hard. (AC +5)
You cannot fit into any form of body armour.
You are cold-blooded and may be slowed by cold attacks.
You have a pair of horns on your head.


Message History

You feel sick. The adder bites you but does no damage.
The adder barely misses you.
Okay, then.
Casting: Beastly Appendage (safe; 4% risk of failure)
Confirm with . or Enter, or press ? or * to list all spells.
You extend your transformation's duration.
The adder closely misses you.
* * * LOW HITPOINT WARNING * * *
You feel sick. The adder bites you but does no damage.
You miss the adder. Your headbutt misses the adder.
The adder is heavily wounded.
The adder bites you but does no damage. The adder closely misses you.
You hit the adder.
The adder is almost dead.
The adder bites you but does no damage.
You miss the adder.
The adder is almost dead.
* * * LOW HITPOINT WARNING * * *
You feel sick. The adder closely misses you. The adder bites you.
You die...

..........##.<...#..
..######..##..#....#
......#.....#....#
#....$(......#..#
#####.#.(.........## .
#................... ...
..####..............
.....####...####.#......
.......@SK### ##.#......
.......########....##.#.
#......#####......## ..
#..........#รท.##### ##.
#...... #..#### #..
#.####..###....## #.. #
##....###..######..
#...............[.
#..........#####..


You could see an adder and a kobold.

Vanquished Creatures
  An adder (D:2)
  3 dart slugs (D:1)
  2 leopard geckos
  A giant cockroach (D:2)
  A goblin (D:2)
  6 hobgoblins
  3 jackals (D:2)
  A quokka (D:2)
  A ball python (D:2)
  4 bats
  3 frilled lizards (D:1)
  6 kobolds
  3 rats (D:1)
35 creatures vanquished.

Notes
Turn   | Place    | Note
-------+----------+-------------------------------------------
     0 | D:1      | kae the Draconian Transmuter began the quest for the Orb.
     0 | D:1      | Reached XP level 1. HP: 16/16 MP: 3/3
   354 | D:1      | Reached XP level 2. HP: 11/23 MP: 3/5
   553 | D:1      | Reached skill level 3 in Transmutations
   867 | D:2      | Found a white marble altar of Elyvilon.
   911 | D:2      | Reached XP level 3. HP: 22/28 MP: 6/6
  1264 | D:2      | Reached skill level 4 in Transmutations
  1329 | D:2      | Slain by an adder

Levels and vault maps discovered:
D:1:      minmay_arrival_hallway, layout_rooms, minmay_misc_feat_ornament
D:2:      layout_rooms, eat_drink_and_be_merry_uskayaw, elyvilon_altar_1

Skill      XL: |  1  2  3 |
---------------+----------+-----
Transmutations | 3 4 |  4.0
Fighting       | |  1.1
Dodging        | |  1.7
Unarmed Combat | |  3.0
Spellcasting   | |  2.0

Action                   || total
-------------------------++-------
Melee: Short sword       ||   116
       Unarmed           ||    11
       Tailslap          ||     9
       Headbutt          ||    10
       Kick              ||     5
       Punch             ||     1
 Cast: Beastly Appendage ||    20
  Use: Scroll            ||     2
       Potion            ||     2
  Eat: Chunk             ||     2
Armor: Skin              ||    53
Dodge: Dodged            ||    86

Table legend:
 A = Non-vault XP
 B = Vault XP
 C = Vault XP percentage of total XP
 D = Non-vault monster count
 E = Vault monster count
 F = Vault count percentage of total count
                 A         B        C        D         E       F
            +---------+---------+-------+---------+---------+-------
      Total |      73 |       0 |   0.0 |      35 |       0 |   0.0
            +---------+---------+-------+---------+---------+-------
        D:1 |      36 |       0 |   0.0 |      21 |       0 |   0.0
        D:2 |      37 |       0 |   0.0 |      14 |       0 |   0.0
            +---------+---------+-------+---------+---------+-------
